 Dungeon Crawl Stone Soup version 0.31-a0-564-g3b7de120b3 (webtiles) character file.

Game seed: 2365647941722373665

26364 ytrimaz the Spry (level 13, -1/144 (147) HPs)
             Began as a Merfolk Shapeshifter on Aug 18, 2023.
             Was an Elder of Okawaru.
             Slain by Snorg (7 damage)
             ... on level 11 of the Dungeon.
             The game lasted 00:16:33 (10058 turns).

ytrimaz the Spry (Merfolk Shapeshifter)            Turns: 10058, Time: 00:16:33

HP:   -1/144 (147)  AC:  9    Str: 18    XL:     13   Next: 25%
MP:   14/18         EV: 21    Int:  7    God:    Okawaru [****..]
Gold: 854           SH:  5    Dex: 17    Spells: 12/12 levels left

rFire   . .          .
                       - Unarmed
rCold   + + +        t - +0 buckler {AC+3}
rNeg    . . .        u - +4 skin of Zhor {*Englaciate rC+++ SInv}
rPois   .            (helmet currently unavailable)
rElec   .            (cloak currently unavailable)
rCorr   .            q - melded +0 pair of gloves {Stlth+}
SInv    +            D - melded +2 pair of boots {Fly}
Will    .....        o - amulet of regeneration Stlth
                     (no ring)
HPRegen 1.24/turn    (no ring)
MPRegen 0.16/turn

%: no passive effects
@: berserking (expiring), beast-form, lightly drained, very quick
A: beast (slay +4), (nimble swimmer 2), mertail
a: Begin Untransformation, Renounce Religion, Heroism, Finesse


You were on level 11 of the Dungeon.
You worshipped Okawaru.
Okawaru was greatly pleased with you.
You were a hulking beast.
You visited 1 branch of the dungeon, and saw 11 of its levels.
You also visited: Sewer and Bailey.

You collected 854 gold pieces.


Innate Abilities, Weirdness & Mutations

You are a hulking beast.
Your limbs bulge with bestial killing power. (Slay +4)
((You are very nimble when in or above water. (Stealth+, EV+, Speed+++)))
Your lower body shifts to a powerful aquatic tail in water.


   Skills:
 - Level 8.2 Fighting
 + Level 15.8 Dodging
 - Level 4.2 Shields
 + Level 12.1 Unarmed Combat
 - Level 7.0 Invocations
 + Level 12.3 Shapeshifting


You had 12 spell levels left.
You didn't know any spells.
Your spell library contained the following spells:

 Spells                   Type           Power      Damage    Failure   Level
 Necrotise                Necr           0%         1d4       50%         1
 Poisonous Vapours        Pois/Air       0%         N/A       65%         2
 Wereblood                Tmut           0%         N/A       65%         2
 Mephitic Cloud           Conj/Pois/Air  0%         N/A       86%         3
 Teleport Other           Tloc           0%         N/A       86%         3
 Cause Fear               Hex            0%         N/A       99%         4
 Fulminant Prism          Conj/Hex       0%         3d5       99%         4
 Arcjolt                  Conj/Air       0%         1d10      100%        5
 Borgnjor's Vile Clutch   Necr/Erth      0%         N/A       100%        5
 Fireball                 Conj/Fire      0%         3d3       100%        5
 Freezing Cloud           Conj/Ice/Air   0%         6-21      100%        5
 Irradiate                Conj/Tmut      0%         3d11      100%        5
 Silence                  Hex/Air        0%         N/A       100%        5
 Disjunction              Tloc           0%         N/A       100%        8
 Summon Forest            Summ/Tloc      Unusable   N/A       N/A         5
 Death Channel            Necr           Unusable   N/A       N/A         6
 Dragon's Call            Summ           Unusable   N/A       N/A         9

Inventory:

Missiles
 s - 4 throwing nets
Armour
 q - a +0 pair of gloves of stealth (melded)
   (You found it on level 5 of the Dungeon)
 t - a +0 buckler of protection (worn)
   (You found it on level 8 of the Dungeon)
 u - the +4 skin of Zhor (worn) {*Englaciate rC+++ SInv}
   (You found it on level 8 of the Dungeon)

   *Englaciate: It radiates cold, occasionally slowing all nearby creatures who
   are not resistant to cold.
   rC+++:     It renders you almost immune to cold.
   SInv:      It lets you see invisible.
 D - a +2 pair of boots of flying (melded)
   (You found it in a bailey)
Jewellery
 o - an amulet of regeneration (around neck)
   (You found it on level 5 of the Dungeon)
Talismans
 d - a flux talisman
Wands
 g - a wand of paralysis (9)
   (You found it on level 9 of the Dungeon)
 A - a wand of flame (17)
   (You found it on level 8 of the Dungeon)
 B - a wand of iceblast (1)
   (You found it on level 9 of the Dungeon)
 G - a wand of mindburst (5)
   (You found it on level 10 of the Dungeon)
Scrolls
 e - 2 scrolls of poison
 m - 6 scrolls of identify
 p - a scroll of enchant weapon
 r - 2 scrolls of fog
 y - a scroll of teleportation
 z - a scroll of blinking
 C - a scroll of acquirement
 E - a scroll of fear
Potions
 a - a potion of magic
 b - 2 potions of resistance
 f - a potion of might {unknown}
 h - a potion of invisibility {unknown}
 i - a potion of mutation {unknown}
 j - 4 potions of heal wounds
 l - 3 potions of haste
 v - 3 potions of degeneration {unknown}
 w - 2 potions of ambrosia {unknown}
 x - 3 potions of curing {unknown}
 F - a potion of cancellation {unknown}

Dungeon Overview and Level Annotations

Branches:
Dungeon (11/15) Zot: 25922  Temple (0/1) D:6            Lair (0/5) D:9
    Orc (0/2) D:10          Sewer (visited)          Bailey (visited)

Altars:
Ashenzari
Cheibriados
Elyvilon
Fedhas
Gozag
Kikubaaqudgha
Okawaru
Qazlal
Ru
Sif Muna
Uskayaw
Wu Jian
Yredelemnul
Zin
The Shining One

Shops:
D:7 ?

Annotations:
D:11 Nergalle, Snorg

#...########......#
....#......#......#
..[.#......#......#
...##......##.....#
...#....... #.)...#
...#....... #.....#
...'....... #...Z.#
...###+######..ooZ#
..............Zoh##
...........#'###T#
...........#...#.#
...........#...#.#
...........#...#.#
...........#...#.####
.#######...###'#....#
##.....#............####
.......#...............#


You could see Snorg (berserk), Nergalle, a spectral orc (summoned), 2 spectral
orc warriors, an orc wizard and an orc.


Message History

You block the orc's attack.
You barely miss Snorg. Snorg bites you!! Snorg claws you!
You block Snorg's attack. 😮 HP[-41]
You take 41 damage, and now have 57/98 hp.
MASSIVE DAMAGE!! (PAUSE)
You pummel Snorg!! Snorg misses you. You block Snorg's attack.
Snorg closely misses you. The spectral orc warrior misses you.
The orc wizard barely misses you. Snorg completely misses you. x2
You block Snorg's attack.
The orc misses you. 😮 HP[+1] Unknown command.
Unknown command.
Okay, then.
You can now deal lightning-fast blows.
You can no longer enter into single combat with a foe.
Okawaru will no longer gift you equipment.
The orc is no longer moving slowly.
You block Snorg's attack. Snorg misses you. x2
The spectral orc warrior barely misses you.
You block the orc wizard's attack. 😮 HP[+1] MP[-5]
You lost 5 mp, and now have 13/18 mp.
A red film seems to cover your vision as you go berserk!
Your finesse ends abruptly.
You feel yourself moving faster!
You feel mighty!
The orc wizard is no longer moving slowly.
Snorg misses you. Snorg claws you but does no damage. Snorg misses you.
The orc barely misses you.
The spectral orc warrior closely misses you.
Snorg bites you!!
* * * LOW HITPOINT WARNING * * *
Snorg closely misses you. You block Snorg's attack. 😨 HP[+9]
You now have 147 max hp (+49).
You regained 9 hp, and now have 68/147 hp.
Unknown command.
You pummel Snorg!! The orc misses you. The orc wizard barely misses you.
The spectral orc warrior closely misses you.
The spectral orc warrior completely misses you. 😨 HP[+1]
You pummel Snorg!! Snorg bites you!
* * * LOW HITPOINT WARNING * * *
Snorg completely misses you. You block Snorg's attack. 😨 HP[-10]
You take 10 damage, and now have 59/147 hp.
Unknown command.
You punch Snorg! Snorg bites you.
* * * LOW HITPOINT WARNING * * *
You block Snorg's attack. Snorg closely misses you. You block the orc's attack.
The orc wizard barely misses you.
You block the spectral orc warrior's attack.
The spectral orc warrior hits you with a +0 glaive!
* * * LOW HITPOINT WARNING * * *
You feel drained.
* * * LOW HITPOINT WARNING * * *
You completely miss Snorg. 😨 HP[-13]
You now have 144 max hp (-3).
You take 13 damage, and now have 46/144 hp.
You hit Snorg. You block Snorg's attack. Snorg claws you!
* * * LOW HITPOINT WARNING * * *
Snorg misses you. The orc misses you.
The orc wizard points at you and mumbles some strange words.
The magic dart hits you.
* * * LOW HITPOINT WARNING * * *
The spectral orc warrior barely misses you.
The spectral orc warrior closely misses you. 😱 HP[-14]
You take 14 damage, and now have 32/144 hp.
Unknown command.
You punch Snorg! Snorg bites you!
* * * LOW HITPOINT WARNING * * *
Snorg completely misses you. You block Snorg's attack. 😱 HP[-13]
You take 13 damage, and now have 19/144 hp.
You punch Snorg! The orc hits you with a +0 war axe!
* * * LOW HITPOINT WARNING * * *
The orc wizard closely misses you. Snorg misses you.
Snorg claws you but does no damage. You block Snorg's attack.
The spectral orc warrior hits you with a +0 hand axe!
* * * LOW HITPOINT WARNING * * *
The spectral orc warrior completely misses you. 😱 HP[-15]
You take 15 damage, and now have 4/144 hp.
Unknown command.
You pummel Snorg!! You barely miss Snorg.
You feel like a meek peon again. You block Snorg's attack.
Snorg closely misses you. Snorg completely misses you.
The orc wizard hits you but does no damage. 😱 HP[+1] MP[+1] Unknown command.
You punch Snorg!
The spectral orc warrior completely misses you. x2
Snorg completely misses you. Snorg barely misses you.
You block Snorg's attack. 😱 HP[+1] Unknown command.
You punch Snorg! The orc wizard closely misses you. Snorg closely misses you.
Snorg claws you!
You die...

Skill      XL: |  1  2  3  4  5  6  7  8  9 10 11 12 13 |
---------------+----------------------------------------+-----
Dodging        | 3 4 5 6 8 11 12 15 | 15.8
Unarmed Combat | 4 5 6 9 10 11 12 | 12.1
Shapeshifting  | 5 6 9 10 11 12 | 12.3
Invocations    | 3 7 |  7.0
Fighting       | 6 8 |  8.2
Shields        | 4 |  4.2

Action                     |  1- 3 |  4- 6 |  7- 9 | 10-12 | 13-15 || total
---------------------------+-------+-------+-------+-------+-------++-------
  Melee: Unarmed           |   102 |   180 |   198 |   541 |   148 ||  1169
         Punch             |     2 |    10 |     6 |    30 |       ||    48
         Tailslap          |       |       |     1 |     1 |       ||     2
 Invoke: Heroism           |       |       |     3 |     7 |     4 ||    14
         Finesse           |       |       |       |     2 |     2 ||     4
  Evoke: Wand              |       |       |       |     6 |       ||     6
    Use: Scroll            |       |     6 |     8 |     5 |     1 ||    20
         Potion            |       |     3 |     1 |     1 |     1 ||     6
   Stab: Sleeping          |     1 |       |       |       |       ||     1
 Armour: Animal skin       |     5 |       |       |     6 |    17 ||    28
         Ring mail         |       |    29 |     1 |       |       ||    30
         Skin              |       |    28 |       |       |       ||    28
         Chain mail        |       |       |    99 |   146 |       ||   245
         Steam dragon scal |       |       |       |     6 |       ||     6
  Dodge: Dodged            |    80 |    98 |   143 |   418 |   118 ||   857
  Block: Buckler           |       |       |       |     2 |    37 ||    39
   Form: Flux              |       |       |       |     2 |       ||     2
         Beast             |       |       |       |     2 |       ||     2

Levels and vault maps discovered:
D:1:      elethiomel_arrival_quiet, layout_loops_ring, serial_park_tiny_pond,
          dreamdust_mushroom_princess
D:2:      layout_rooms, basic_altar
D:3:      layout_rooms, chequers_temple_overflow_statue_of_worship,
          lemuel_doored_altar, marbit_many_paths,
          nicolae_yredelemnul_corpse_copse, kennysheep_donut,
          hangedman_feature_mirror, kennysheep_jessica_study
D:4:      layout_basic, cheibriados_altar_1, nicolae_tso_swordbearing_angel,
          nicolae_gozag_seed_capital
D:5:      layout_cave_pools, uniq_sigmund, uniq_grinder, uniq_pikel
D:6:      minmay_goblin_kobold_castle, layout_basic, fedhas_altar_fruit_tree,
          minmay_temple_entry_ruins, portal_sewer_entry_e
D:7:      layout_loops_ring, serial_shops, kennysheep_little_box
D:8:      layout_loops_ring, kennysheep_mini, grunt_qazlal_sundering,
          lemuel_coloured_pillars_altar, tgw_kikubaaqudgha,
          hangedman_decor_push, minmay_the_grid_2x2 [minmay_the_grid_fan,
          minmay_the_grid_eight, minmay_the_grid_aliased_spiral,
          minmay_the_grid_prize_shrinking_boxes], uniq_grum, uniq_psyche,
          uniq_jeremiah
D:9:      layout_cave_pools, lair_entry_dummy, enter_bailey_5
D:10:     layout_gridville, orc_0_dummy
D:11:     layout_irregular_city, uniq_maurice, uniq_nergalle, uniq_fannar,
          uniq_harold, uniq_snorg

Notes
Turn   | Place    | Note
-------+----------+-------------------------------------------
     0 | D:1      | ytrimaz the Merfolk Shapeshifter began the quest for the
                  | Orb.
     0 | D:1      | Reached XP level 1. HP: 15/15 MP: 1/1
     0 | D:1      | magus.rc [v1.9.6]
    39 | D:1      | Reached skill level 3 in Dodging
   115 | D:1      | Reached XP level 2. HP: 12/21 MP: 2/2
   754 | D:1      | Reached XP level 3. HP: 14/26 MP: 3/3
  1054 | D:2      | Found a hide-covered altar of Uskayaw.
  1304 | D:2      | You pick up a book of Vapours and begin reading...
  1304 | D:2      | You add the spells Poisonous Vapours, Mephitic Cloud and
                  | Freezing Cloud to your library.
  1430 | D:2      | Reached skill level 4 in Unarmed Combat
  1465 | D:3      | Reached XP level 4. HP: 31/32 MP: 4/4
  1510 | D:3      | Found a basalt altar of Yredelemnul.
  1515 | D:3      | Reached skill level 4 in Dodging
  1555 | D:3      | You pick up a book of Changes and begin reading...
  1555 | D:3      | You add the spells Wereblood and Irradiate to your library.
  1637 | D:3      | Found a broken altar of Ashenzari.
  1781 | D:3      | Identified the +6 whip "Tutaik" {heavy, Drain rF+ rC-
                  | Dex+8}
  1853 | D:3      | Found an iron altar of Okawaru.
  1854 | D:3      | Found a white marble altar of Elyvilon.
  1882 | D:3      | Reached XP level 5. HP: 31/37 MP: 5/5
  1884 | D:3      | Reached skill level 5 in Shapeshifting
  2020 | D:3      | Found a sacrificial altar of Ru.
  2042 | D:3      | Found a shimmering blue altar of Sif Muna.
  2078 | D:3      | Noticed Jessica
  2095 | D:3      | HP: 4/37 [Jessica/+6 club (6)]
  2099 | D:3      | Killed Jessica
  2256 | D:3      | Became a worshipper of Warmaster Okawaru
  2282 | D:4      | Found a glowing golden altar of the Shining One.
  2432 | D:4      | Found an opulent altar of Gozag.
  2550 | D:4      | Reached skill level 5 in Dodging
  2553 | D:4      | Reached XP level 6. HP: 36/43 MP: 6/6
  2561 | D:4      | Reached skill level 5 in Unarmed Combat
  2676 | D:4      | Found a snail-covered altar of Cheibriados.
  2931 | D:5      | Entered Level 5 of the Dungeon
  2989 | D:5      | Reached skill level 1 in Invocations
  3062 | D:5      | Noticed Grinder
  3062 | D:5      | Paralysed by Grinder for 4 turns
  3070 | D:5      | Paralysed by Grinder for 5 turns
  3089 | D:5      | Killed Grinder
  3089 | D:5      | Reached * piety under Okawaru
  3090 | D:5      | Reached skill level 3 in Invocations
  3090 | D:5      | Reached XP level 7. HP: 24/48 MP: 6/9
  3215 | D:5      | Identified the +6 chain mail of Divine Intervention {rElec
                  | rC+ Int-4}
  3221 | D:5      | Reached skill level 4 in Invocations
  3320 | D:5      | Identified the ring "Bajapn" {Contam +Blink rPois Dex-5
                  | SInv}
  3398 | D:5      | Noticed Pikel
  3413 | D:5      | Killed Pikel
  3413 | D:5      | Reached ** piety under Okawaru
  3414 | D:5      | Reached skill level 7 in Invocations
  3414 | D:5      | Reached skill level 6 in Dodging
  3414 | D:5      | Reached XP level 8. HP: 21/54 MP: 9/13
  3608 | D:5      | Noticed Sigmund
  3622 | D:5      | Killed Sigmund
  3623 | D:5      | Reached skill level 7 in Dodging
  3832 | D:6      | Found a staircase to the Ecumenical Temple.
  3863 | D:6      | Reached skill level 6 in Shapeshifting
  3926 | D:6      | Reached skill level 8 in Dodging
  3936 | D:6      | Reached *** piety under Okawaru
  3970 | D:6      | Reached skill level 6 in Unarmed Combat
  4007 | D:6      | Reached XP level 9. HP: 56/59 MP: 12/14
  4260 | D:6      | Found a glowing drain.
  4265 | Sewer    | Entered a sewer
  4354 | D:6      | Identified a potion of experience
  4363 | D:6      | Reached skill level 6 in Fighting
  4363 | D:6      | Reached skill level 11 in Dodging
  4363 | D:6      | Reached skill level 9 in Unarmed Combat
  4363 | D:6      | Reached skill level 9 in Shapeshifting
  4363 | D:6      | Reached XP level 10. HP: 76/76 MP: 15/15
  5039 | D:6      | Found a blossoming altar of Fedhas.
  5550 | D:7      | Reached **** piety under Okawaru
  5676 | D:7      | Reached skill level 12 in Dodging
  5732 | D:7      | Found Seqoc's Magic Scroll Shop.
  5930 | D:8      | Noticed Grum
  5941 | D:8      | Killed Grum
  6035 | D:8      | Reached skill level 10 in Shapeshifting
  6052 | D:8      | Found an ancient bone altar of Kikubaaqudgha.
  6129 | D:8      | Found a stormy altar of Qazlal.
  6226 | D:8      | HP: 17/77 [killer bee (8)]
  6337 | D:8      | Found a glowing silver altar of Zin.
  6388 | D:8      | Reached skill level 10 in Unarmed Combat
  6413 | D:8      | Noticed a deep elf pyromancer
  6425 | D:8      | Noticed Psyche
  6584 | D:8      | Noticed Jeremiah
  6604 | D:8      | Killed Jeremiah
  6605 | D:8      | Reached XP level 11. HP: 68/81 MP: 16/16
  6676 | D:8      | Noticed a cyclops
  6686 | D:8      | Killed a cyclops
  6700 | D:8      | Killed Psyche
  6751 | D:8      | Noticed a two-headed ogre
  6755 | D:8      | Killed a two-headed ogre
  6755 | D:8      | Reached ***** piety under Okawaru
  6793 | D:8      | Noticed a four-headed hydra
  6796 | D:8      | Killed a deep elf pyromancer
  6797 | D:8      | Reached skill level 13 in Dodging
  6806 | D:8      | Killed a four-headed hydra
  6831 | D:8      | Noticed a red ugly thing
  6840 | D:8      | HP: 10/83 [red ugly thing (18)]
  6943 | D:8      | Found the +4 skin of Zhor {*Englaciate rC+++ SInv}
  6945 | D:8      | Identified the +5 kite shield "Atsel" {Will+ Str+5 Stlth+}
  6945 | D:8      | Identified the +12 falchion "Ultimatum" {heavy, rF++ rN+}
  6946 | D:8      | You add the spells Necrotise, Arcjolt and Borgnjor's Vile
                  | Clutch to your library.
  6946 | D:8      | Got the Exposition on the Catacomb and the Zephyr
  6946 | D:8      | You add the spells Teleport Other and Disjunction to your
                  | library.
  6946 | D:8      | Got the Papyrus of the Door
  6998 | D:8      | Killed a red ugly thing
  6999 | D:8      | Reached skill level 11 in Shapeshifting
  7294 | D:8      | Found an ornate altar of the Wu Jian Council.
  7379 | D:9      | Found a staircase to the Lair.
  7562 | D:9      | Reached skill level 11 in Unarmed Combat
  7769 | D:9      | Found a flagged portal.
  7778 | Bailey   | Entered a bailey
  7858 | Bailey   | Noticed an orc high priest
  7871 | Bailey   | Killed an orc high priest
  8196 | Bailey   | Found an iron altar of Okawaru.
  8196 | Bailey   | Noticed an orc high priest
  8207 | Bailey   | Killed an orc high priest
  8208 | Bailey   | Reached skill level 14 in Dodging
  8390 | D:9      | Reached skill level 8 in Fighting
  8390 | D:9      | Reached skill level 15 in Dodging
  8390 | D:9      | Reached skill level 4 in Shields
  8390 | D:9      | Reached XP level 12. HP: 93/93 MP: 17/17
  8674 | D:10     | Entered Level 10 of the Dungeon
  8818 | D:10     | Reached XP level 13. HP: 95/98 MP: 18/18
  8862 | D:10     | Found a staircase to the Orcish Mines.
  8943 | D:10     | You fall into a shaft and drop 1 floor!
  8955 | D:11     | Noticed Harold
  8987 | D:11     | Killed Harold
  9037 | D:11     | Noticed Nergalle
  9240 | D:10     | Reached skill level 12 in Shapeshifting
  9366 | D:10     | You add the spells Fulminant Prism and Silence to your
                  | library.
  9366 | D:10     | Got the Vellum of the Spellbinding Mausoleum
  9693 | D:11     | Reached skill level 12 in Unarmed Combat
  9818 | D:11     | You pick up a book of the Dragon and begin reading...
  9818 | D:11     | You add the spells Cause Fear and Fireball to your library.
 10016 | D:11     | Noticed Maurice
 10033 | D:11     | Killed Maurice
 10039 | D:11     | Noticed Snorg
 10052 | D:11     | HP: 32/144 [orc wizard/magic dart (5)]
 10054 | D:11     | HP: 12/144 [orc/+0 war axe (8)]
 10054 | D:11     | HP: 4/144 [spectral orc warrior/+0 hand axe[Nergalle] (8)]
 10058 | D:11     | Slain by Snorg

Vanquished Creatures
  Harold (D:11)
  A hydra (D:8)
  2 two-headed ogres
  2 orc high priests (Bailey)
  Pikel (D:5)
  A deep elf pyromancer (D:8)
  A cyclops (D:8)
  4 ugly things
  Maurice (D:11)
  Jeremiah (D:8)
  Psyche (D:8)
  A tengu conjurer (D:8)
  Grinder (D:5)
  Sigmund (D:5)
  A shadow (D:11)
  2 wraiths
  A vampire (D:10)
  9 yaks
  A wyvern (D:10)
  Grum (D:8)
  A steam dragon (D:8)
  2 acid dragons
  2 water moccasins
  An ice beast (D:7)
  3 sky beasts
  10 orc warriors
  3 ogres
  2 wolves (D:8)
  A centaur (D:8)
  2 kobold brigands
  2 gnoll sergeants
  2 scorpions (D:7)
  2 bullfrogs
  A wight (D:8)
  12 killer bees (D:8)
  9 electric eels
  4 howler monkeys
  4 gnoll boudas
  3 orc priests
  5 hounds
  3 sleepcaps
  Jessica (D:3)
  A hell rat (Sewer)
  3 iguanas
  10 orc wizards
  39 gnolls
  5 adders
  2 shadow imps
  2 adder zombies (D:3)
  2 worms (D:5)
  3 dart slugs
  47 orcs
  8 ball pythons
  5 bats
  3 endoplasms
  3 giant cockroaches
  40 goblins
  32 hobgoblins
  17 kobolds
  9 quokkas
  4 frilled lizards
  A giant cockroach zombie (D:3)
  A jackal zombie (D:3)
  8 rats
354 creatures vanquished.

Vanquished Creatures (others)
  A human (D:8)
  2 goblins (D:6)
3 creatures vanquished.

Grand Total: 357 creatures vanquished

Table legend:
 A = Non-vault XP
 B = Vault XP
 C = Vault XP percentage of total XP
 D = Non-vault monster count
 E = Vault monster count
 F = Vault count percentage of total count
                 A         B        C        D         E       F
            +---------+---------+-------+---------+---------+-------
      Total |   11104 |   10636 |  48.9 |     226 |     128 |  36.2
            +---------+---------+-------+---------+---------+-------
        D:1 |      36 |       0 |   0.0 |      19 |       0 |   0.0
        D:2 |      44 |       0 |   0.0 |      19 |       0 |   0.0
        D:3 |      89 |      69 |  43.7 |      17 |       9 |  34.6
        D:4 |     215 |       0 |   0.0 |      20 |       0 |   0.0
        D:5 |     212 |    1117 |  84.0 |      12 |       3 |  20.0
        D:6 |    1172 |     238 |  16.9 |      40 |      56 |  58.3
        D:7 |    1018 |       0 |   0.0 |      13 |       0 |   0.0
        D:8 |    1681 |    5118 |  75.3 |      29 |      15 |  34.1
        D:9 |    1335 |       6 |   0.4 |      23 |       4 |  14.8
       D:10 |    3328 |       0 |   0.0 |      15 |       0 |   0.0
       D:11 |    1974 |    1332 |  40.3 |      19 |       2 |   9.5
      Sewer |       0 |      40 | 100.0 |       0 |       5 | 100.0
     Bailey |       0 |    2716 | 100.0 |       0 |      34 | 100.0
            +---------+---------+-------+---------+---------+-------

Skill      XL: |  1  2  3  4  5  6  7  8  9 10 11 12 13 |
---------------+----------------------------------------+-----
Dodging        | 3 4 5 6 8 11 12 15 | 15.8
Unarmed Combat | 4 5 6 9 10 11 12 | 12.1
Shapeshifting  | 5 6 9 10 11 12 | 12.3
Invocations    | 3 7 |  7.0
Fighting       | 6 8 |  8.2
Shields        | 4 |  4.2

Action                     |  1- 3 |  4- 6 |  7- 9 | 10-12 | 13-15 || total
---------------------------+-------+-------+-------+-------+-------++-------
  Melee: Unarmed           |   102 |   180 |   198 |   541 |   148 ||  1169
         Punch             |     2 |    10 |     6 |    30 |       ||    48
         Tailslap          |       |       |     1 |     1 |       ||     2
 Invoke: Heroism           |       |       |     3 |     7 |     4 ||    14
         Finesse           |       |       |       |     2 |     2 ||     4
  Evoke: Wand              |       |       |       |     6 |       ||     6
    Use: Scroll            |       |     6 |     8 |     5 |     1 ||    20
         Potion            |       |     3 |     1 |     1 |     1 ||     6
   Stab: Sleeping          |     1 |       |       |       |       ||     1
 Armour: Animal skin       |     5 |       |       |     6 |    17 ||    28
         Ring mail         |       |    29 |     1 |       |       ||    30
         Skin              |       |    28 |       |       |       ||    28
         Chain mail        |       |       |    99 |   146 |       ||   245
         Steam dragon scal |       |       |       |     6 |       ||     6
  Dodge: Dodged            |    80 |    98 |   143 |   418 |   118 ||   857
  Block: Buckler           |       |       |       |     2 |    37 ||    39
   Form: Flux              |       |       |       |     2 |       ||     2
         Beast             |       |       |       |     2 |       ||     2

Illustrated notes

Table legend:
 A = Kills in this place as a percentage of kills in the entire game.
 B = Kills by you in this place as a percentage of kills by you in the entire game.
 C = Kills by friends in this place as a percentage of kills by friends in the entire game.
 D = Other kills in this place as a percentage of other kills in the entire game.
 E = Experience gained in this place as a percentage of experience gained in the entire game.
 F = Experience gained in this place divided by the number of levels of this place that you have seen.
                   A       B       C       D       E      F
               +-------+-------+-------+-------+-------+----------------------
         Total | 100.0 | 100.0 |   N/A |   N/A | 100.0 | 1672.3
       Dungeon |  89.0 |  89.0 |   N/A |   N/A |  87.3 | 1725.8
         Sewer |   1.4 |   1.4 |   N/A |   N/A |   0.2 |  40.0
        Bailey |   9.6 |   9.6 |   N/A |   N/A |  12.5 | 2716.0
               +-------+-------+-------+-------+-------+----------------------

Table legend: (Time is in decaauts)
 A = Elapsed time spent in this place.
 B = Non-inter-level travel time spent in this place.
 C = Inter-level travel time spent in this place.
 D = Time resting spent in this place.
 E = Time spent auto-exploring this place.
 F = Levels seen in this place.
 G = Mean time per level.
                   A        B        C        D        E       F      G
               +--------+--------+--------+--------+--------+-----+--------+
         Total |   9735 |   9494 |    241 |     83 |   6772 |  13 |  748.8 |
       Dungeon |   9142 |   8901 |    241 |     83 |   6378 |  11 |  831.1 |
         Sewer |     74 |     74 |      0 |      0 |     34 |   1 |   74.0 |
        Bailey |    518 |    518 |      0 |      0 |    359 |   1 |  518.0 |
               +--------+--------+--------+--------+--------+-----+--------+

Top non-repeatable levels by time:
     D:8: 1453 daAuts
     D:6: 1166 daAuts
     D:1: 864 daAuts
     D:5: 847 daAuts
     D:3: 803 daAuts
     D:7: 741 daAuts
    D:10: 724 daAuts
     D:9: 679 daAuts
     D:4: 655 daAuts
    D:11: 622 daAuts
     D:2: 585 daAuts
  Bailey: 518 daAuts
   Sewer: 74 daAuts
